 Dungeon Crawl Stone Soup version 0.27-a0-1502-g47ed6a6988 (webtiles) character file.

Game seed: 6823625748695548956

60573 tsouns the Frost Mage (level 14, -4/118 HPs)
             Began as a Grey Draconian Ice Elementalist on July 9, 2021.
             Was the Champion of Okawaru.
             Killed by divine providence
             ... invoked by Saint Roka
              (13 damage)
             ... on level 2 of the Orcish Mines.
             The game lasted 01:05:53 (25401 turns).

tsouns the Frost Mage (DrIE)                       Turns: 25401, Time: 01:05:54

Health: -4/118     AC: 21    Str: 11    XL:     14   Next: 57%
Magic:  38/38      EV: 27    Int: 23    God:    Okawaru [******]
Gold:   1533       SH:  0    Dex: 13    Spells: 2/36 levels left

rFire    . . .     SeeInvis .   Q - +9 arbalest of Lupuagh {elec, Int+4}
rCold    + . .     Faith    .   (shield currently unavailable)
rNeg     . . .     Spirit   .   (armour unavailable)
rPois    .         Reflect  .   R - +2 hat
rElec    .         Harm     .   (no cloak)
rCorr    .         Rampage  .   b - +2 pair of gloves
Will     +....                  l - +2 pair of boots
Stlth    ++........             r - amulet of the acrobat
HPRegen  0.29/turn              q - ring of protection from cold
MPRegen  0.26/turn              W - ring of magical power

@: acrobatic
A: AC +13, amphibious, unfitting armour, cold-blooded
a: Renounce Religion, Heroism, Finesse


You were on level 2 of the Orcish Mines.
You worshipped Okawaru.
Okawaru was exalted by your worship.
You visited 4 branches of the dungeon, and saw 23 of its levels.
You visited 1 bazaar.

You collected 2612 gold pieces.
You spent 1079 gold pieces at shops.

Inventory:

Hand Weapons
 I - a +3 triple crossbow of flaming
 Q - the +9 arbalest of Lupuagh (weapon) {elec, Int+4}
   (Okawaru gifted it to you on level 3 of the Lair of Beasts)

   It charges the ammunition it shoots with electricity; occasionally upon a
   hit, such missiles may discharge and cause terrible harm.
   Int:       It affects your intelligence (+4).
 Z - the +8 falchion of Vengeance {flame, rF+ Int+4 Dex-3 SInv}
   (You found it on level 6 of the Lair of Beasts)

   It has been specially enchanted to burn those struck by it, causing extra
   injury to most foes and up to half again as much damage against particularly
   susceptible opponents.
   Big, fiery blades are also staple armaments of hydra-hunters.
   Int:       It affects your intelligence (+4).
   Dex:       It affects your dexterity (-3).
   rF:        It protects you from fire.
   SInv:      It lets you see invisible.
Missiles
 t - 5 curare-tipped darts
 F - 15 javelins
 K - 2 throwing nets
 L - 74 bolts (quivered ammo)
Armour
 b - a +2 pair of gloves (worn)
 l - a +2 pair of boots (worn)
 R - a +2 hat (worn)
Jewellery
 q - a ring of protection from cold (left hand)
 r - an amulet of the acrobat (around neck)
 P - a ring of willpower
 W - a ring of magical power (right hand)
Wands
 n - a wand of paralysis (8)
 o - a wand of flame (57)
 x - a wand of polymorph (9)
 z - a wand of mindburst (15)
 A - a wand of iceblast (18)
 G - a wand of charming (6)
Scrolls
 g - 12 scrolls of teleportation
 m - a scroll of summoning
 s - a scroll of identify
 u - 2 scrolls of holy word
 y - a scroll of magic mapping
 B - 3 scrolls of silence
 D - 4 scrolls of amnesia
 E - 2 scrolls of fog
 J - 2 scrolls of enchant armour
 M - a scroll of immolation
 T - a scroll of fear
 U - 2 scrolls of brand weapon
 V - 4 scrolls of enchant weapon
Potions
 a - 2 potions of lignification
 c - 4 potions of heal wounds
 d - 5 potions of might
 f - 8 potions of curing
 h - 3 potions of haste
 i - a potion of invisibility
 k - a potion of magic
 p - a potion of flight
 v - a potion of brilliance
 w - 2 potions of berserk rage
 N - a potion of mutation
 X - a potion of resistance
Miscellaneous
 e - a tin of tremorstones (2/2)
 C - a condenser vane


   Skills:
 - Level 9.4 Fighting
 + Level 10.5 Crossbows
 - Level 2.6 Throwing
 - Level 1.7 Dodging
 - Level 1.7 Stealth
 - Level 4.0 Shields
 + Level 11.5 Spellcasting
 + Level 4.7 Conjurations
 * Level 14.8 Ice Magic
 + Level 1.6 Air Magic
 - Level 1.9 Poison Magic
 - Level 4.2 Invocations
 - Level 5.1 Evocations


You had 2 spell levels left.
You knew the following spells:

 Your Spells              Type           Power      Damage    Failure   Level
a - Freeze                Ice            100%       1d11      0%          1
b - Frozen Ramparts       Ice            100%       1d12      1%          3
c - Poisonous Vapours     Pois/Air       42%        N/A       3%          2
d - Hailstorm             Conj/Ice       55%        3d12      1%          4
e - Ozocubu's Armour      Ice            69%        N/A       1%          3
f - Ozocubu's Refrigerat  Ice            34%        4d11      9%          7
g - Freezing Cloud        Conj/Ice/Air   23%        6-21      7%          5
h - Polar Vortex          Ice            34%        N/A       100%        9

Your spell library contained the following spells:

 Spells                   Type           Power      Damage    Failure   Level
 Magic Dart               Conj           100%       1d8       1%          1
 Shock                    Conj/Air       100%       1d9       1%          1
 Searing Ray              Conj           70%        3d5       1%          2
 Static Discharge         Conj/Air       28%        N/A       1%          2
 Sting                    Tmut/Pois      68%        1d6       3%          1
 Pain                     Necr           52%        1d6       4%          1
 Call Imp                 Summ           13%        N/A       8%          2
 Sublimation of Blood     Necr           6%         N/A       8%          2
 Wereblood                Tmut           13%        N/A       8%          2
 Mephitic Cloud           Conj/Pois/Air  26%        N/A       4%          3
 Metabolic Englaciation   Hex/Ice        23%        N/A       6%          5
 Swiftness                Air            21%        N/A       7%          3
 Fulminant Prism          Conj/Hex       12%        3d9       19%         4
 Sticky Flame             Conj/Fire      24%        2d5       19%         4
 Iskenderun's Battlesphe  Conj           35%        2d9       19%         5
 Olgreb's Toxic Radiance  Pois           22%        N/A       22%         4
 Airstrike                Air            10%        N/A       24%         4
 Simulacrum               Ice/Necr       23%        N/A       34%         6
 Dispel Undead            Necr           13%        3d9       43%         4
 Leda's Liquefaction      Hex/Erth       6%         N/A       43%         4
 Petrify                  Tmut/Erth      13%        N/A       43%         4
 Bolt of Magma            Conj/Fire/Erth 10%        4d7       56%         5
 Agony                    Necr           13%        N/A       80%         5
 Excruciating Wounds      Necr           6%         N/A       80%         5
 Iron Shot                Conj/Erth      12%        9d3       95%         6
 Statue Form              Tmut/Erth      8%         N/A       100%        6
 Spellforged Servitor     Conj/Summ      12%        N/A       100%        7
 Summon Hydra             Summ           6%         N/A       100%        7
 Ignition                 Fire           6%         3d4       100%        8


Dungeon Overview and Level Annotations

Branches:
Dungeon (14/15)            Temple (0/1) D:5            Lair (6/6) D:9
  Swamp (1/4) Lair:4       Spider (0/4) Lair:2        Slime (0/5) Lair:6
    Orc (2/2) D:11            Elf (0/3) Orc:2
 Vaults: D:13-14

Altars:
Ashenzari
Cheibriados
Dithmenos
Elyvilon
Gozag
Kikubaaqudgha
Makhleb
Nemelex Xobeh
Okawaru
Ru
Trog
Uskayaw
Wu Jian
Yredelemnul
Zin
The Shining One
Beogh
Jiyva

Shops:
D:5 (   D:8 **   D:10 =

Annotations:
Lair:5 2 transporters
Orc:2 Saint Roka


Innate Abilities, Weirdness & Mutations

Your dull iron-grey scales are very hard. (AC +13)
You are amphibious.
You cannot fit into any form of body armour.
You are cold-blooded and may be slowed by cold attacks.


Message History

Casting: Poisonous Vapours (safe; 3% risk of failure)
Confirm with . or Enter, or press ? or * to list all spells.
Aiming: Poisonous Vapours (safe; 3% risk of failure)
Press: ? - help, Dir - move target, f/p - Saint Roka
Aim: Saint Roka, wielding a +3 great sword of protection and wearing a +0 chain mail (very poisoned) Poisonous vapours surround Saint Roka!
Saint Roka looks as sick as possible!
Unknown command. 2 orc priests come into view.
Saint Roka invokes the aid of Beogh against you.
Beogh smites you!
The orc priest shouts!
Found 8 gold pieces.
The orc priest looks braver for a moment.
Saint Roka invokes the aid of Beogh against you.
Beogh smites you!
The orc priest shouts!
The orc priest mumbles some strange prayers to Beogh against you.
Beogh smites you!
The orc priest looks braver for a moment.
The orc priest calls down the wrath of Beogh upon you.
Beogh smites you!
The orc priest miscasts a cantrip.
Saint Roka mumbles some strange prayers to Beogh against you.
Beogh smites you!
Saint Roka calls down the wrath of Beogh upon you.
Beogh smites you!
* * * LOW HITPOINT WARNING * * *
Saint Roka roars a battlecry!
The orcs go into a battle-frenzy!
Saint Roka calls down the wrath of Beogh upon you.
Beogh smites you!
* * * LOW HITPOINT WARNING * * *
Saint Roka calls down the wrath of Beogh upon you.
Beogh smites you!
* * * LOW HITPOINT WARNING * * *
The orc priest calls upon Beogh to heal Saint Roka.
Saint Roka is healed somewhat.
Saint Roka calls down the wrath of Beogh upon you.
Beogh smites you!
You die...

*#..........................
#.....o....o.....)).........
##..#......o#######'#.......
##*#.......#,∩,#...#.......
##.#^...#8,8#.8.#.......
######^..o#,,,#...#......#
##.####..#.#,,,#+###.....##
#...##.....#,,,,,,,#.###.#,
#...###...@#,,,,,,,#,* #.#,
##.###.....#*,,_,,**,* #.#,
#...###..#.#######**,* #.##
##....##.##........,,,* #..#
#.............<....,,,* #...
##...............##*,** ##..
#.................#### ##..
#..................#.###...
#.................#...#....


You could see Saint Roka (poisoned), 2 orc priests and an orc (strong).

Vanquished Creatures
  Snorg (Lair:6)
  2 boulder beetles
  A merfolk avatar (Lair:6)
  9 hydras
  Erica (D:11)
  3 two-headed ogres
  Urug (D:10)
  2 bog bodies (Lair:4)
  A harpy (Lair:6)
  A deep elf pyromancer (D:14)
  4 oklob plants (Lair:4)
  3 cyclopes
  10 elephants
  3 black mambas (Lair:6)
  A gargoyle (D:12)
  16 cane toads
  8 komodo dragons
  9 rime drakes
  5 trolls
  A jumping spider (Lair:2)
  5 polar bears
  2 wind drakes (Lair:6)
  3 hornets
  6 slime creatures (D:13)
  6 dream sheep (Lair:6)
  23 blink frogs
  A redback (Lair:2)
  3 spriggans (Lair:3)
  9 wyverns
  A wraith (D:12)
  Grum (Lair:1)
  3 basilisks
  3 hogs (Lair:6)
  43 yaks
  2 vampire mosquitoes (D:12)
  2 steam dragons
  3 wargs
  3 acid dragons
  14 water moccasins
  13 orc warriors
  2 black bears
  5 ogres
  26 wolves
  3 centaurs
  A phantom (D:7)
  A kobold brigand (D:6)
  3 gnoll sergeants
  11 bullfrogs
  2 scorpions
  4 killer bees (D:9)
  3 electric eels
  A bullfrog zombie (D:5)
  2 centaur skeletons
  5 hounds
  10 orc priests
  4 centaur zombies
  2 jellies (D:6)
  2 iguanas
  15 orc wizards
  A killer bee zombie (D:7)
  A hound skeleton (D:5)
  A howler monkey zombie (D:9)
  25 gnolls
  9 adders
  A shadow imp (D:7)
  2 ufetubi
  2 worms
  2 dart slugs
  55 orcs
  7 ball pythons
  5 endoplasms
  4 giant cockroaches
  9 hobgoblins
  8 jackals
  17 kobolds
  3 quokkas
  7 bats
  3 frilled lizards
  4 goblins
  6 rats
502 creatures vanquished.

Vanquished Creatures (collateral kills)
  An endoplasm (D:3)
1 creature vanquished.

Vanquished Creatures (others)
  Kirke (Lair:6)
  A bloated husk (Swamp:1)
  2 humans (Lair:6)
  A fire vortex (Lair:3)
  35 fungi
  101 plants
141 creatures vanquished.

Grand Total: 644 creatures vanquished

Notes
Turn   | Place    | Note
-------+----------+-------------------------------------------
     0 | D:1      | tsouns the Draconian Ice Elementalist began the quest for
                  | the Orb.
     0 | D:1      | Reached XP level 1. HP: 14/14 MP: 3/3
   307 | D:1      | Reached XP level 2. HP: 22/22 MP: 1/5
   468 | D:1      | Reached skill level 1 in Fighting
  1072 | D:1      | Found a faded altar of an unknown god.
  1075 | D:1      | Became a worshipper of Warmaster Okawaru
  1075 | D:1      | Reached * piety under Okawaru
  1197 | D:2      | Reached XP level 3. HP: 28/28 MP: 3/6
  1201 | D:2      | Learned a level 3 spell: Frozen Ramparts
  1374 | D:2      | Learned a level 2 spell: Poisonous Vapours
  1867 | D:2      | Reached XP level 4. HP: 36/36 MP: 5/8
  2324 | D:3      | Found a white marble altar of Elyvilon.
  2561 | D:3      | Reached skill level 1 in Poison Magic
  2573 | D:3      | Found an iron altar of Okawaru.
  2581 | D:3      | Reached skill level 1 in Air Magic
  2722 | D:3      | Reached XP level 5. HP: 27/42 MP: 0/9
  3127 | D:3      | Found a hide-covered altar of Uskayaw.
  3602 | D:4      | Reached skill level 5 in Ice Magic
  3704 | D:4      | Learned a level 4 spell: Hailstorm
  3776 | D:4      | Reached XP level 6. HP: 50/50 MP: 3/10
  3781 | D:4      | Reached ** piety under Okawaru
  4062 | D:5      | Entered Level 5 of the Dungeon
  4187 | D:5      | Identified the +1 chain mail of Tuhuojy {Harm rCorr}
  4250 | D:5      | Reached skill level 1 in Conjurations
  4322 | D:5      | Reached skill level 1 in Shields
  4375 | D:5      | Found a sacrificial altar of Ru.
  4414 | D:5      | Found a staircase to the Ecumenical Temple.
  4471 | D:5      | Found a sparkling altar of Nemelex Xobeh.
  4550 | D:5      | Your scales start taking on a dull iron-grey colour.
  4550 | D:5      | Reduced skill Air Magic to level 1
  4550 | D:5      | Reached XP level 7. HP: 57/57 MP: 1/12
  4739 | D:5      | Found Axke's Antique Weapon Shoppe.
  5110 | D:5      | Found a burning altar of Makhleb.
  5791 | D:6      | Identified the +4 dagger "Lissaigg" {protect, *Rage rPois
                  | Dex+3}
  5876 | D:6      | Reached *** piety under Okawaru
  5877 | D:6      | Reached skill level 6 in Ice Magic
  5877 | D:6      | Reached XP level 8. HP: 67/67 MP: 3/14
  6371 | D:6      | Identified the +3 long sword "Hydrabane" {freeze, Int+4}
  6463 | D:6      | Found a glowing golden altar of the Shining One.
  7333 | D:7      | Reached skill level 5 in Fighting
  8163 | D:5      | Bought a fading morningstar for 225 gold pieces
  8163 | D:5      | Identified the +4 morningstar "Cuisky Qaet" {antimagic,
                  | Int+2 Dex+7} (You bought it in a shop on level 5 of the
                  | Dungeon)
  8214 | D:8      | Reached skill level 5 in Spellcasting
  8302 | D:8      | Found Ypsemog's General Store.
  8306 | D:8      | Found Hebruph's Specific Store.
  8314 | D:8      | Bought a scroll of identify for 30 gold pieces
  8330 | D:8      | Found a broken altar of Ashenzari.
  8330 | D:8      | Noticed a two-headed ogre
  8338 | D:8      | Killed a two-headed ogre
  8338 | D:8      | Reached **** piety under Okawaru
  8339 | D:8      | Reached skill level 7 in Ice Magic
  8339 | D:8      | Reached XP level 9. HP: 44/75 MP: 1/17
  8522 | D:8      | Found a snail-covered altar of Cheibriados.
  8700 | D:8      | Learned a level 3 spell: Ozocubu's Armour
  8869 | D:8      | Found a bloodstained altar of Trog.
  8907 | D:8      | Reached skill level 1 in Invocations
  9300 | D:9      | Noticed a two-headed ogre
  9309 | D:9      | Killed a two-headed ogre
  9309 | D:9      | Reached ***** piety under Okawaru
  9310 | D:9      | Reached skill level 8 in Ice Magic
  9778 | D:9      | Found a staircase to the Lair.
  9778 | D:9      | Noticed a troll
  9790 | D:9      | Reached XP level 10. HP: 86/86 MP: 10/19
 10710 | D:9      | Learned a level 7 spell: Ozocubu's Refrigeration
 10711 | D:10     | Entered Level 10 of the Dungeon
 10788 | D:10     | Noticed a two-headed ogre
 10805 | D:10     | Killed a two-headed ogre
 10805 | D:10     | Identified the +7 rapier "Vadeij" {vorpal, rPois MP+9
                  | Str+3} (Okawaru gifted it to you on level 10 of the
                  | Dungeon)
 10805 | D:10     | Received a gift from Okawaru
 11115 | D:10     | Found an ancient bone altar of Kikubaaqudgha.
 11163 | D:10     | Found Gatrirch's Jewellery Boutique.
 11170 | D:10     | Found a glowing silver altar of Zin.
 11184 | D:10     | Bought a ring of protection from cold for 350 gold pieces
 11213 | D:10     | Noticed Urug
 11229 | D:10     | Reached skill level 9 in Ice Magic
 11235 | D:10     | Killed Urug
 11377 | D:10     | Noticed a cyclops
 11400 | D:10     | Killed a cyclops
 11401 | D:10     | Reached skill level 1 in Throwing
 11574 | D:10     | Found an ornate altar of the Wu Jian Council.
 11800 | D:11     | Reached XP level 11. HP: 91/97 MP: 3/22
 11839 | D:11     | Noticed Erica
 11849 | D:11     | Killed Erica
 11849 | D:11     | Received a gift from Okawaru
 12125 | Lair:1   | Entered Level 1 of the Lair of Beasts
 12193 | Lair:1   | Noticed Grum
 12194 | Lair:1   | Reached skill level 1 in Crossbows
 12200 | Lair:1   | Killed Grum
 13110 | Lair:2   | Reached skill level 10 in Ice Magic
 13144 | Lair:2   | Reached ****** piety under Okawaru
 13440 | Lair:2   | Found a shadowy altar of Dithmenos.
 13456 | Lair:2   | Received a gift from Okawaru
 13855 | Lair:2   | Found a hole to the Spider Nest.
 14239 | Lair:3   | Noticed a six-headed hydra
 14247 | Lair:3   | Killed a six-headed hydra
 14361 | Lair:3   | Reached skill level 5 in Crossbows
 14426 | Lair:3   | Noticed a four-headed hydra
 14698 | Lair:3   | Killed a four-headed hydra
 14698 | Lair:3   | Identified the +9 arbalest of Lupuagh {elec, Int+4}
                  | (Okawaru gifted it to you on level 3 of the Lair of Beasts)
 14698 | Lair:3   | Received a gift from Okawaru
 14849 | Lair:3   | Reached XP level 12. HP: 59/105 MP: 6/25
 15190 | Lair:3   | Reached skill level 11 in Ice Magic
 15227 | Lair:3   | Reached skill level 1 in Evocations
 15228 | Lair:3   | Identified the +3 fustibalus "Hineklag" {flame, rCorr}
                  | (Okawaru gifted it to you on level 3 of the Lair of Beasts)
 15228 | Lair:3   | Received a gift from Okawaru
 15288 | Lair:3   | Found a basalt altar of Yredelemnul.
 16417 | Lair:4   | Identified a scroll of acquirement
 16417 | Lair:4   | Acquired a +2 hat
 16713 | Lair:4   | Noticed an eight-headed hydra
 16723 | Lair:4   | Killed an eight-headed hydra
 16762 | Lair:4   | Received a gift from Okawaru
 17057 | Lair:4   | Received a gift from Okawaru
 17058 | Lair:4   | Reached skill level 12 in Ice Magic
 17667 | Lair:4   | Found a staircase to the Swamp.
 17678 | Lair:4   | Reached skill level 10 in Spellcasting
 17888 | Lair:4   | Reached XP level 13. HP: 111/111 MP: 8/27
 18476 | Swamp:1  | Entered Level 1 of the Swamp
 18964 | Lair:5   | Found a transporter.
 19333 | Lair:5   | Reached skill level 5 in Evocations
 19791 | Lair:5   | Found a transporter.
 19793 | Lair:5   | Found the +8 Vampire's Tooth {vamp}
 19827 | Lair:6   | Entered Level 6 of the Lair of Beasts
 19871 | Lair:6   | Received a gift from Okawaru
 19981 | Lair:6   | Reached skill level 13 in Ice Magic
 20540 | Lair:6   | Paralysed by a hornet for 2 turns
 20567 | Lair:6   | Received a gift from Okawaru
 21288 | Lair:6   | Noticed Kirke
 21302 | Lair:6   | Killed Kirke
 21303 | Lair:6   | Reached XP level 14. HP: 97/118 MP: 14/28
 21483 | Lair:6   | Received a gift from Okawaru
 21551 | Lair:6   | Identified the +8 falchion of Vengeance {flame, rF+ Int+4
                  | Dex-3 SInv}
 21630 | Lair:6   | Reached skill level 10 in Crossbows
 21630 | Lair:6   | Reached skill level 14 in Ice Magic
 21773 | Lair:6   | Found a viscous altar of Jiyva.
 21776 | Lair:6   | Found a staircase to the Slime Pits.
 21969 | Lair:6   | Noticed Snorg
 21976 | Lair:6   | Killed Snorg
 22507 | D:11     | You fall into a shaft and drop 3 floors!
 22513 | D:14     | Paralysed by a hornet for 3 turns
 22691 | D:13     | Received a gift from Okawaru
 23022 | D:12     | Found an opulent altar of Gozag.
 23717 | D:11     | Found a staircase to the Orcish Mines.
 24074 | Orc:1    | Entered Level 1 of the Orcish Mines
 24129 | Orc:2    | Entered Level 2 of the Orcish Mines
 24181 | Orc:2    | Found a staircase to the Elven Halls.
 24228 | Orc:2    | Noticed Saint Roka
 24628 | Orc:2    | Found a flickering gateway to a bazaar.
 24635 | Bazaar   | Entered a bazaar
 24662 | Bazaar   | Found Rayss's Book Boutique.
 24666 | Bazaar   | Found Modutt's Book Boutique.
 24666 | Bazaar   | Found Valom's General Store.
 24667 | Bazaar   | Found Gachesou's General Store.
 24677 | Bazaar   | Bought a book of Ice for 414 gold pieces
 24682 | Bazaar   | Bought a potion of heal wounds for 60 gold pieces
 24694 | Orc:2    | Acquired 1023 gold pieces
 24703 | Orc:2    | Learned a level 5 spell: Freezing Cloud
 24713 | Orc:2    | Learned a level 9 spell: Polar Vortex
 25401 | Orc:2    | Killed from afar by Saint Roka

Illustrated notes

Levels and vault maps discovered:
D:1:      zelgadis_glass_arrival_small, layout_basic, serial_aquarium,
          aquarium_bridge_straight [aquarium_subvault_bridge,
          aquarium_subvault_window, aquarium_subvault_bridge,
          aquarium_subvault_balcony], aquarium_window_1, aquarium_window_1,
          aquarium_view_2a, aquarium_view_2b, chequers_ecumenical_altar_grove
D:2:      layout_basic
D:3:      layout_loops_ring, elyvilon_altar_5, lemuel_doored_altar,
          mainiacjoe_overflow_boulevard, st_stairs_3, kennysheep_nondescript
D:4:      layout_rooms, chequers_serial_rivers_room_a
D:5:      layout_basic, kennysheep_mini, mainiacjoe_overflow_swirl,
          temple_green, serial_shops, shop, minmay_misc_feat_chi
D:6:      layout_layer_cave, tso_metal_star, grunt_ministairs_14
D:7:      layout_loops_corners
D:8:      layout_rooms, mainiacjoe_overflow_small_starburst,
          trog_three_pillars_becter, amcnicky_altar_gilded,
          nicolae_specific_store, minmay_strange_pillars,
          hangedman_decor_growths
D:9:      layout_basic, erik_lair_island
D:10:     layout_rooms, overflow_temple_1_default, zin_statuary,
          kennysheep_little_box, serial_shops, shop, uniq_urug
D:11:     layout_loops_cross, erik_orc_4, uniq_erica
D:12:     layout_basic, serial_curves, eino_curves_02, eino_curves_04,
          nicolae_gozag_seed_capital
D:13:     layout_cave_pods
D:14:     layout_rooms, david_vaults_5, chequers_serial_rivers_micro_b,
          hangedman_decor_push
Lair:1:   layout_misc_corridors, serial_bayou_shore_b, uniq_grum
Lair:2:   layout_chaotic_city, spider_nest_entry_a, basic_altar
Lair:3:   layout_gridlike, basic_altar, wad_woods_02, serial_bayou_shore_a
Lair:4:   layout_cellular_growth, skrybe_swamp_entry_bodies,
          lemuel_fruit_fields, minmay_lair_oklob_chamber
Lair:5:   gammafunk_cloud_chamber, layout_regular_city, grunt_megastairs_4,
          lemuel_fruit_fields, lemuel_fruit_tree, infiniplex_staircase_pool
Lair:6:   gammafunk_lair_ancient_temple, layout_hall_layers,
          dpeg_slime_entry_enclosed_altar, chequers_serial_rivers_small_a,
          lookout_lair_type, hibernation_bobbens, serial_bayou_shore_b,
          uniq_snorg, uniq_kirke
Swamp:1:  layout_falls_marsh, evilmike_swamp_ruin_house_5, uniq_roxanne
Orc:1:    layout_caves, kennysheep_orc_chapel
Orc:2:    grunt_orc_community_town_hall, layout_caves,
          grunt_orc_community_big_house_2, grunt_orc_community_big_house_1,
          grunt_orc_community_house_3, grunt_orc_community_house_3,
          grunt_orc_community_house_1, grunt_orc_community_house_2,
          grunt_orc_community_house_1, grunt_orc_community_house_3,
          serial_shops, bzr_entry_safe, basic_altar, bh_open_orc_temple,
          uniq_saint_roka

Skill      XL: |  1  2  3  4  5  6  7  8  9 10 11 12 13 14 |
---------------+-------------------------------------------+-----
Fighting       | 1 2 3 4 6 7 9 |  9.4
Poison Magic   | 1 |  1.9
Air Magic      | 1 1 |  1.6
Spellcasting   | 3 4 5 6 7 9 10 11 | 11.5
Ice Magic      | 5 6 7 8 9 10 12 13 14 | 14.8
Conjurations   | 1 2 4 |  4.7
Shields        | 1 2 4 |  4.0
Invocations    | 3 4 |  4.2
Throwing       | 1 2 |  2.6
Crossbows      | 5 8 9 10 | 10.5
Evocations     | 3 5 |  5.1
Dodging        | |  1.7
Stealth        | |  1.7

Action                   |  1- 3 |  4- 6 |  7- 9 | 10-12 | 13-15 || total
-------------------------+-------+-------+-------+-------+-------++-------
Melee: Whip              |     6 |       |       |       |       ||     6
       Trident           |       |   134 |    37 |       |       ||   171
       Tailslap          |       |    17 |    16 |    11 |       ||    44
       Long sword        |       |       |    42 |    22 |       ||    64
       Rapier            |       |       |       |    23 |       ||    23
 Fire: Triple crossbow   |       |       |       |    42 |       ||    42
       Arbalest          |       |       |       |    90 |   364 ||   454
 Cast: Freeze            |    63 |    26 |    86 |   184 |    97 ||   456
       Frozen Ramparts   |     1 |     4 |    16 |    34 |    22 ||    77
       Poisonous Vapours |       |    22 |    45 |    68 |    32 ||   167
       Hailstorm         |       |       |       |     9 |     7 ||    16
       Ozocubu's Armour  |       |       |       |     5 |     2 ||     7
       Ozocubu's Refrige |       |       |       |       |    14 ||    14
       Freezing Cloud    |       |       |       |       |     1 ||     1
Invok: Heroism           |       |       |       |     1 |       ||     1
  Use: Scroll            |       |     9 |    12 |    10 |     6 ||    37
       Potion            |       |       |       |     2 |     5 ||     7
 Stab: Sleeping          |       |     1 |       |       |       ||     1
       Distracted        |       |       |     1 |       |       ||     1
Armor: Skin              |    12 |    53 |    76 |   237 |   124 ||   502
Dodge: Dodged            |    32 |   102 |   107 |   221 |   145 ||   607
Block: Buckler           |       |    16 |    36 |    28 |       ||    80
       Rpst.: Long sword |       |       |    14 |     7 |       ||    21

Table legend: (Time is in decaauts)
 A = Elapsed time spent in this place.
 B = Non-inter-level travel time spent in this place.
 C = Inter-level travel time spent in this place.
 D = Time resting spent in this place.
 E = Time spent auto-exploring this place.
 F = Levels seen in this place.
 G = Mean time per level.
                   A        B        C        D        E       F      G
               +--------+--------+--------+--------+--------+-----+--------+
         Total |  25741 |  24841 |    900 |    466 |  20559 |  24 | 1072.5 |
       Dungeon |  13922 |  13288 |    634 |      3 |  11427 |  14 |  994.4 |
          Lair |  10481 |  10215 |    266 |    463 |   8128 |   6 | 1746.8 |
         Swamp |      1 |      1 |      0 |      0 |      0 |   1 |    1.0 |
  Orcish Mines |   1277 |   1277 |      0 |      0 |    951 |   2 |  638.5 |
        Bazaar |     57 |     57 |      0 |      0 |     53 |   1 |   57.0 |
               +--------+--------+--------+--------+--------+-----+--------+

Top non-repeatable levels by time:
  Lair:6: 2519 daAuts
  Lair:4: 2199 daAuts
  Lair:3: 1905 daAuts
     D:6: 1781 daAuts
     D:9: 1586 daAuts
  Lair:5: 1440 daAuts
  Lair:2: 1416 daAuts
     D:7: 1375 daAuts
     D:5: 1177 daAuts
     D:2: 1169 daAuts
     D:3: 1128 daAuts
    D:10: 1120 daAuts
     D:1: 1119 daAuts
     D:8: 1032 daAuts
  Lair:1: 1000 daAuts
